 Dungeon Crawl Stone Soup version 0.31-a0-277-g31ea1f65cc (webtiles) character file.

Game seed: 16499062423315913889

180 Apogee the Grasshopper (level 5, -1/43 HPs)
             Began as a Gnoll Warper on July 15, 2023.
             Killed from afar by an orc wizard (7 damage)
             ... with a magic dart
             ... on level 3 of the Dungeon.
             The game lasted 00:07:13 (2911 turns).

Apogee the Grasshopper (Gnoll Warper)               Turns: 2911, Time: 00:07:14

Health: -1/43      AC:  5    Str: 10    XL:     5   Next: 60%
Magic:  12/12      EV: 13    Int: 14    God:
Gold:   143        SH:  0    Dex: 12    Spells: 9/14 levels left

rFire   . . .        a - +0 spear
rCold   . . .        (no shield)
rNeg    . . .        b - +0 leather armour
rPois   .            m - +0 helmet
rElec   .            (no cloak)
rCorr   .            (no gloves)
SInv    .            n - +0 pair of boots
Will    .....        (no amulet)
Stlth   +            (no ring)
HPRegen 0.27/turn    (no ring)
MPRegen 0.13/turn

%: no passive effects
@: confused
A: fangs 1, strong nose, distributed training
a: no special abilities


You were on level 3 of the Dungeon.
You visited 1 branch of the dungeon, and saw 3 of its levels.
You also visited: Sewer.

You collected 143 gold pieces.

Inventory:

Hand Weapons
 a - a +0 spear (weapon)
Missiles
 d - 2 boomerangs of dispersal (quivered) {!f}
 r - 19 stones
Armour
 b - a +0 leather armour (worn)
 h - a +0 chain mail
   (You found it on level 1 of the Dungeon)
 i - a +0 robe
   (You found it on level 1 of the Dungeon)
 k - a +0 ring mail
   (You found it on level 1 of the Dungeon)
 l - a +0 leather armour
   (You found it on level 1 of the Dungeon)
 m - a +0 helmet (worn)
   (You found it on level 1 of the Dungeon)
 n - a +0 pair of boots (worn)
   (You found it on level 1 of the Dungeon)
 t - a +0 robe
   (You took it off an orc on level 3 of the Dungeon)
Scrolls
 c - a scroll of blinking
 e - a scroll of enchant weapon {unknown}
 g - 2 scrolls of identify {unknown}
 o - 3 scrolls of immolation {unknown}
 p - a scroll of teleportation {unknown}
 s - 2 scrolls of silence {unknown}
Potions
 f - a potion of brilliance {unknown}
 j - a potion of curing {unknown}
 q - a potion of haste {@q3}


   Skills:
 + Level 4.8 Fighting
 + Level 1.6 Short Blades
 + Level 1.6 Long Blades
 + Level 1.6 Axes
 + Level 1.6 Maces & Flails
 + Level 4.8 Polearms
 + Level 1.6 Staves
 + Level 1.6 Ranged Weapons
 + Level 3.0 Throwing
 + Level 3.0 Armour
 + Level 4.8 Dodging
 + Level 1.6 Stealth
 + Level 1.6 Shields
 + Level 1.6 Unarmed Combat
 + Level 5.2 Spellcasting
 + Level 1.2 Conjurations
 + Level 1.2 Hexes
 + Level 1.2 Summonings
 + Level 1.2 Necromancy
 + Level 5.5 Translocations
 + Level 1.2 Transmutations
 + Level 1.2 Fire Magic
 + Level 1.2 Ice Magic
 + Level 1.2 Air Magic
 + Level 1.2 Earth Magic
 + Level 1.2 Poison Magic
 + Level 1.8 Invocations
 + Level 1.6 Evocations
 + Level 1.2 Shapeshifting


You had 9 spell levels left.
You knew the following spells:

 Your Spells              Type           Power      Damage    Failure   Level
a - Teleport Other        Tloc           19%        N/A       7%          3
b - Blink                 Tloc           38%        N/A       3%          2

Your spell library contained the following spells:

 Spells                   Type           Power      Damage    Failure   Level
 Lesser Beckoning         Tloc           38%        N/A       3%          2
 Necrotise                Necr           28%        1d5       13%         1
 Sting                    Tmut/Pois      28%        1d4       13%         1
 Vhi's Electric Charge    Tloc/Air       26%        N/A       17%         3
 Poisonous Vapours        Pois/Air       14%        N/A       21%         2
 Manifold Assault         Tloc           19%        N/A       22%         4
 Vampiric Draining        Necr           7%         2d6       36%         3
 Olgreb's Toxic Radiance  Pois           7%         N/A       78%         4
 Agony                    Necr           7%         N/A       98%         5


Dungeon Overview and Level Annotations

Branches:
Dungeon (3/15)              Sewer (visited)

Altars:
Kikubaaqudgha


Innate Abilities, Weirdness & Mutations

You have very sharp teeth.
Your uncanny sense of smell can sniff out nearby items.
Your experience applies equally to all skills.


Message History

Unknown command.
You are too injured to fight recklessly!
You are too injured to fight recklessly!
You are too injured to fight recklessly!
You are too injured to fight recklessly!
You are too injured to fight recklessly!
You closely miss the orc wizard.
The orc wizard hits you with a +0 dagger.
* * * LOW HITPOINT WARNING * * *
You completely miss the orc wizard. The orc wizard casts a spell at you.
You are confused.
The orc wizard casts a spell at you. You resist with some effort.
You bump into the rock wall.
Unknown command.
You barely miss the orc wizard.
You bite the orc wizard, but do no damage.
The orc wizard hits you but does no damage.
Unknown command.
The orc wizard attacks as you move away!
The orc wizard hits you with a +0 dagger.
* * * LOW HITPOINT WARNING * * *
The orc wizard points at you and mumbles some strange words.
You are more confused.
You bump into the rock wall.
You bump into the rock wall.
The orc wizard casts a spell at you. You resist with some effort.
The orc wizard attacks as you move away!
The orc wizard closely misses you. The orc wizard casts a spell at you.
You are more confused.
You bump into the rock wall.
Unknown command.
You're too confused to move!
The orc wizard hits you with a +0 dagger.
* * * LOW HITPOINT WARNING * * *
You bump into the rock wall.
The orc wizard casts a spell at you. The magic dart hits you.
* * * LOW HITPOINT WARNING * * *
You bump into the rock wall.
The orc wizard casts a spell at you. The puff of flame hits you!
* * * LOW HITPOINT WARNING * * *
You bump into the rock wall.
The orc wizard points at you and mumbles some strange words.
The magic dart hits you!
You die...

#.........#.....#.......#
#####)###.############.##
#.#.>.# ..# #.#.### #.##
#...## #. ##o.o# .. #.#.#
##.#o# ##..#@#
#..##.#####. #....)......
##.###.###### ##..# #.#
#...# ... ###..## ....
#.....# ..... #.....#
#####


You could see an orc wizard and an orc.

Vanquished Creatures
  2 hounds (D:2)
  A gnoll (D:3)
  4 adders
  2 worms (D:3)
  A dart slug (D:1)
  3 orcs (D:3)
  6 ball pythons
  5 endoplasms (D:1)
  3 giant cockroaches
  6 hobgoblins
  3 jackals (D:2)
  2 quokkas (D:2)
  5 bats
  4 frilled lizards
  4 goblins
  9 kobolds
  2 rats
62 creatures vanquished.

Notes
Turn   | Place    | Note
-------+----------+-------------------------------------------
     0 | D:1      | Apogee the Gnoll Warper began the quest for the Orb.
     0 | D:1      | Reached XP level 1. HP: 20/20 MP: 6/6
     1 | D:1      | Found an ancient bone altar of Kikubaaqudgha.
   158 | D:1      | Reached XP level 2. HP: 23/26 MP: 7/7
   509 | D:1      | Reached XP level 3. HP: 31/31 MP: 9/9
   579 | D:1      | Reached skill level 5 in Spellcasting
   582 | D:1      | Learned a level 2 spell: Blink
   586 | D:1      | Learned a level 3 spell: Teleport Other
  1102 | D:2      | Reached skill level 1 in Invocations
  1266 | D:2      | Reached skill level 1 in Short Blades
  1266 | D:2      | Reached skill level 1 in Long Blades
  1266 | D:2      | Reached skill level 1 in Axes
  1266 | D:2      | Reached skill level 1 in Maces & Flails
  1266 | D:2      | Reached skill level 1 in Staves
  1266 | D:2      | Reached skill level 1 in Ranged Weapons
  1266 | D:2      | Reached skill level 1 in Stealth
  1266 | D:2      | Reached skill level 1 in Shields
  1266 | D:2      | Reached skill level 1 in Unarmed Combat
  1266 | D:2      | Reached skill level 1 in Evocations
  1351 | D:2      | Reached XP level 4. HP: 30/38 MP: 11/11
  1852 | D:2      | Reached skill level 1 in Conjurations
  1852 | D:2      | Reached skill level 1 in Hexes
  1852 | D:2      | Reached skill level 1 in Summonings
  1852 | D:2      | Reached skill level 1 in Necromancy
  1852 | D:2      | Reached skill level 1 in Transmutations
  1852 | D:2      | Reached skill level 1 in Fire Magic
  1852 | D:2      | Reached skill level 1 in Ice Magic
  1852 | D:2      | Reached skill level 1 in Air Magic
  1852 | D:2      | Reached skill level 1 in Earth Magic
  1852 | D:2      | Reached skill level 1 in Poison Magic
  1852 | D:2      | Reached skill level 1 in Shapeshifting
  2228 | D:2      | Reached XP level 5. HP: 15/43 MP: 10/12
  2475 | D:3      | Found a glowing drain.
  2488 | Sewer    | Entered a sewer
  2533 | Sewer    | Noticed a water moccasin
  2911 | D:3      | Killed from afar by an orc wizard

Illustrated notes

Levels and vault maps discovered:
D:1:      sevenhm_arrival_forest_fort_small_6, layout_basic,
          minmay_split_cup_small
D:2:      layout_basic
D:3:      layout_rooms, tso_oasis_becter, cheibrodos_sewer_entry_bend,
          serial_shops, nicolae_lakefront_shop, chequers_serial_rivers_micro_a,
          minivault_27, minmay_misc_feat_alley, cheibrodos_gnoll_hut,
          uniq_terence

Skill      XL: |  1  2  3  4  5 |
---------------+----------------+-----
Spellcasting   | 5 |  5.2
Invocations    | 1 |  1.8
Short Blades   | 1 |  1.6
Long Blades    | 1 |  1.6
Axes           | 1 |  1.6
Maces & Flails | 1 |  1.6
Staves         | 1 |  1.6
Ranged Weapons | 1 |  1.6
Stealth        | 1 |  1.6
Shields        | 1 |  1.6
Unarmed Combat | 1 |  1.6
Evocations     | 1 |  1.6
Conjurations   | 1 |  1.2
Hexes          | 1 |  1.2
Summonings     | 1 |  1.2
Necromancy     | 1 |  1.2
Transmutations | 1 |  1.2
Fire Magic     | 1 |  1.2
Ice Magic      | 1 |  1.2
Air Magic      | 1 |  1.2
Earth Magic    | 1 |  1.2
Poison Magic   | 1 |  1.2
Shapeshifting  | 1 |  1.2
Throwing       | 3 |  3.0
Armour         | 3 |  3.0
Fighting       | |  4.8
Polearms       | |  4.8
Dodging        | |  4.8
Translocations | |  5.5

Action                     |  1- 3 |  4- 6 || total
---------------------------+-------+-------++-------
  Melee: Spear             |   152 |   162 ||   314
         Punch             |     1 |       ||     1
         Bite              |    10 |    12 ||    22
  Throw: Boomerang         |       |     5 ||     5
   Cast: Blink             |       |     2 ||     2
    Use: Scroll            |       |     1 ||     1
   Stab: Sleeping          |     2 |       ||     2
 Armour: Leather armour    |    26 |    50 ||    76
  Dodge: Dodged            |    55 |   101 ||   156

Table legend: (Time is in decaauts)
 A = Elapsed time spent in this place.
 B = Non-inter-level travel time spent in this place.
 C = Inter-level travel time spent in this place.
 D = Time resting spent in this place.
 E = Time spent auto-exploring this place.
 F = Levels seen in this place.
 G = Mean time per level.
                   A        B        C        D        E       F      G
               +--------+--------+--------+--------+--------+-----+--------+
         Total |   2877 |   2732 |    145 |    231 |   1857 |   4 |  719.2 |
       Dungeon |   2818 |   2673 |    145 |    231 |   1825 |   3 |  939.3 |
         Sewer |     59 |     59 |      0 |      0 |     32 |   1 |   59.0 |
               +--------+--------+--------+--------+--------+-----+--------+

Top non-repeatable levels by time:
     D:2: 1307 daAuts
     D:1: 1074 daAuts
     D:3: 437 daAuts
   Sewer: 59 daAuts
